 Dungeon Crawl Stone Soup version 0.30-a0-170-g85af917532 (webtiles) character file.

Game seed: 4987063165127475451

359 Julmuri the Magician (level 6, 0/28 HPs)
             Began as a Spriggan Conjurer on Oct 1, 2022.
             Killed from afar by a white imp (8 damage)
             ... with a puff of frost
             ... on level 5 of the Dungeon.
             The game lasted 00:13:24 (4362 turns).

Julmuri the Magician (Spriggan Conjurer)            Turns: 4362, Time: 00:13:25

Health: 0/28       AC:  3    Str:  3    XL:     6   Next: 37%
Magic:  13/16      EV: 17    Int: 21    God:
Gold:   304        SH:  0    Dex: 14    Spells: 16/17 levels left

rFire   . . .      SeeInvis +    p - staff of earth
rCold   . . .      Faith    .    (shield currently unavailable)
rNeg    . . .      Spirit   .    a - +0 robe
rPois   .          Reflect  .    (helmet restricted)
rElec   .          Harm     .    u - +0 cloak
rCorr   .          Rampage  .    (gloves unavailable)
Will    +....                    (boots unavailable)
Stlth   ++........               (no amulet)
HPRegen 0.09/turn                (no ring)
MPRegen 0.15/turn                (no ring)

@: very slightly contaminated, hasted, very quick
A: very small, no large weapons, unfitting armour, see invisible, speed 3
a: no special abilities


You were on level 5 of the Dungeon.
You visited 1 branch of the dungeon, and saw 5 of its levels.

You collected 304 gold pieces.

Inventory:

Hand Weapons
 h - a +0 short sword
 v - a +4 trident
Armour
 a - a +0 robe (worn)
 u - a +0 cloak (worn)
Magical Staves
 p - a staff of earth (weapon)
Jewellery
 n - a ring of ice
Scrolls
 c - 2 scrolls of amnesia {unknown}
 d - 4 scrolls of identify {unknown}
 f - a scroll of fog {unknown}
 g - 2 scrolls of teleportation {unknown}
 i - a scroll of summoning {unknown}
 j - 2 scrolls of blinking {unknown}
 o - a scroll of magic mapping {unknown}
 q - a scroll of enchant armour {unknown}
 s - a scroll of fear {unknown}
Potions
 b - a potion of degeneration {unknown}
 e - a potion of haste
 k - a potion of might {unknown}
 l - a potion of curing {unknown}
 m - a potion of lignification {unknown}
 r - a potion of heal wounds {unknown}
 t - a potion of mutation {unknown}


   Skills:
 * Level 1.1 Staves
 + Level 3.0 Dodging
 + Level 3.3 Stealth
 - Level 0.2 Unarmed Combat
 * Level 6.0 Spellcasting
 * Level 4.2 Conjurations


You had 16 spell levels left.
You knew the following spells:

 Your Spells              Type           Power      Damage    Failure   Level
a - Magic Dart            Conj           96%        1d7       1%          1

Your spell library contained the following spells:

 Spells                   Type           Power      Damage    Failure   Level
 Searing Ray              Conj           48%        2d6       2%          2
 Dazzling Flash           Conj/Hex       30%        N/A       12%         3
 Fulminant Prism          Conj/Hex       7%         3d7       38%         4
 Iskenderun's Mystic Bla  Conj/Tloc      15%        2d5       38%         4


Dungeon Overview and Level Annotations

Branches:
Dungeon (5/15)             Temple (0/1) D:4

Altars:
Ru
Uskayaw
Xom
Zin
The Shining One

Shops:
D:5 (

Annotations:
D:3 Caerun's ghost, weakling GnDe; Iidacon's ghost, amateur HOCK


Innate Abilities, Weirdness & Mutations

You are very small and have problems with some larger weapons.
You are too small for most types of armour.
You have supernaturally acute eyesight. (SInv)
You cover ground extremely quickly. (Speed+++)


Message History

Things that are here:
a +4 short sword; a +0 leather armour Done exploring.
Done exploring.
You enter the shallow water.
Moving in this stuff is going to be slow.
There is a stone staircase leading down here.
You climb downwards.
Found a stone staircase leading down.
There is a stone staircase leading up here.
The magic dart hits the quokka.
The quokka is heavily wounded.
The magic dart hits the quokka.
You kill the quokka!
Magic restored.
Found Mamaon's Antique Weapon Shop.
A white imp comes into view.
The white imp shouts, "Bolt, thou frothy toenail-biting dingleberry!"
The magic dart hits the white imp but does no damage.
The white imp misses you.
The magic dart hits the white imp.
The white imp is moderately wounded.
The white imp gestures at you. The puff of frost hits you!
You miscast Magic Dart.
You are very lightly contaminated with residual magic.
Nothing appears to happen.
The white imp shouts, "Quit, thou simpering dismal-dreaming feeblet!"
The white imp hits you but does no damage.
The magic dart hits the white imp.
The white imp is severely wounded.
The white imp gestures at you. The puff of frost hits you!
* * * LOW HITPOINT WARNING * * *
It was a potion of haste.
You feel yourself speed up. The white imp closely misses you.
There is an entrance to Mamaon's Antique Weapon Shop here.
The white imp gestures at you. The puff of frost hits you!
You die...

###########
##.........
##.######## #..#
..##############
............5..##
###########.#.∩.#
...###.#### #...#
#.@..# #...#
####.# #...# ..
....# ## .....#


You could see a white imp.

Vanquished Creatures
  A black bear (D:4)
  An ogre (D:4)
  A hound (D:4)
  An iguana (D:4)
  4 adders
  2 worms (D:3)
  An orc (D:4)
  7 endoplasms
  2 giant cockroaches
  11 goblins
  7 hobgoblins
  3 jackals (D:3)
  8 kobolds
  5 quokkas
  6 ball pythons
  9 bats
  4 frilled lizards
  2 rats
75 creatures vanquished.

Notes
Turn   | Place    | Note
-------+----------+-------------------------------------------
     0 | D:1      | Julmuri the Spriggan Conjurer began the quest for the Orb.
     0 | D:1      | Reached XP level 1. HP: 9/9 MP: 5/5
   285 | D:1      | Reached XP level 2. HP: 13/13 MP: 3/6
   508 | D:1      | Reached skill level 3 in Spellcasting
   630 | D:1      | Found a faded altar of an unknown god.
   815 | D:1      | Reached XP level 3. HP: 16/16 MP: 6/8
  1671 | D:3      | Found a shimmering altar of Xom.
  1987 | D:3      | Found a runed translucent gate.
  1988 | D:3      | Found a runed translucent gate.
  1989 | D:3      | Found a runed translucent gate.
  1990 | D:3      | Noticed Caerun's ghost (weakling GnDe)
  1992 | D:3      | Noticed Iidacon's ghost (amateur HOCK)
  2149 | D:3      | Reached skill level 4 in Spellcasting
  2371 | D:3      | Reached XP level 4. HP: 21/21 MP: 7/11
  3223 | D:4      | Reached XP level 5. HP: 24/24 MP: 6/12
  3326 | D:4      | Found a glowing golden altar of the Shining One.
  3326 | D:4      | Found a hide-covered altar of Uskayaw.
  3328 | D:4      | Found a glowing silver altar of Zin.
  3554 | D:4      | Noticed a black bear
  3651 | D:4      | Noticed an ogre
  3770 | D:4      | Found a staircase to the Ecumenical Temple.
  3787 | D:4      | Killed a black bear
  3788 | D:4      | Reached skill level 5 in Spellcasting
  3788 | D:4      | Reached XP level 6. HP: 28/28 MP: 11/15
  3813 | D:4      | Reached skill level 1 in Staves
  3813 | D:4      | Reached skill level 6 in Spellcasting
  3907 | D:4      | Found a sacrificial altar of Ru.
  4316 | D:5      | Entered Level 5 of the Dungeon
  4348 | D:5      | Found Mamaon's Antique Weapon Shop.
  4362 | D:5      | Killed from afar by a white imp

Illustrated notes

Levels and vault maps discovered:
D:1:      dpeg_arrival_stonehenge_12_columns, layout_rooms,
          basic_ecumenical_altar, minmay_3d_cube
D:2:      layout_loops_ring, chequers_serial_rivers_marsh
D:3:      layout_basic, mainiacjoe_overflow_surrounded_room,
          gammafunk_ghost_cemetery
D:4:      layout_loops_ring, mainiacjoe_overflow_brackets,
          grunt_temple_overflow_open, minmay_temple_entry_mini_moons,
          chequers_serial_rivers_micro_b, grunt_ministairs_6,
          serial_park_tiny_1, minmay_misc_feat_iff
D:5:      layout_basic, makhleb_altar_promises_db, serial_shops, shop

Skill      XL: |  1  2  3  4  5  6 |
---------------+-------------------+-----
Conjurations   | 3 4 |  4.2
Spellcasting   | 3 4 5 6 |  6.0
Dodging        | 3 |  3.0
Staves         | 1 |  1.1
Stealth        | |  3.3
Unarmed Combat | |  0.2

Action                   |  1- 3 |  4- 6 || total
-------------------------+-------+-------++-------
Melee: Unarmed           |    15 |       ||    15
 Cast: Magic Dart        |   102 |    99 ||   201
  Use: Potion            |       |     2 ||     2
Armor: Robe              |     5 |     3 ||     8
Dodge: Dodged            |    38 |    18 ||    56

Table legend: (Time is in decaauts)
 A = Elapsed time spent in this place.
 B = Non-inter-level travel time spent in this place.
 C = Inter-level travel time spent in this place.
 D = Time resting spent in this place.
 E = Time spent auto-exploring this place.
 F = Levels seen in this place.
 G = Mean time per level.
                   A        B        C        D        E       F      G
               +--------+--------+--------+--------+--------+-----+--------+
         Total |   3299 |   3262 |     37 |    407 |   2171 |   5 |  659.8 |
       Dungeon |   3299 |   3262 |     37 |    407 |   2171 |   5 |  659.8 |
               +--------+--------+--------+--------+--------+-----+--------+

Top non-repeatable levels by time:
     D:3: 1073 daAuts
     D:4: 954 daAuts
     D:1: 741 daAuts
     D:2: 495 daAuts
     D:5: 34 daAuts
